 Dungeon Crawl Stone Soup version 0.23.2-30-g0e89c35649 (webtiles) character file.

Game seed: 9597547988049714401

164 MalarOregon the Ruffian (level 5, -2/37 (45) HPs)
             Began as a Ghoul Warper on June 17, 2019.
             Slain by a gnoll
             ... wielding a +0 halberd
              (16 damage)
             ... on level 3 of the Dungeon.
             The game lasted 00:07:56 (4036 turns).

MalarOregon the Ruffian (Ghoul Warper)              Turns: 4036, Time: 00:07:56

HP:   -2/37 (45)    AC:  4    Str: 15    XL:     5   Next: 45%
MP:   8/8           EV: 11    Int:  9    God:
Gold: 158           SH:  0    Dex:  8    Spells: 4/9 levels left

rFire    . . .     SeeInvis .     - Unarmed
rCold    + . .     Gourm    .   (no shield)
rNeg     + + +     Faith    .   a - +1 leather armour
rPois    ∞         Spirit   .   (no helmet)
rElec    .         Reflect  .   (no cloak)
rCorr    .         Harm     .   (no gloves)
MR       +....                  (no boots)
Stlth    +.........             (no amulet)
HPRegen  0.00/turn              l - ring of protection from magic
MPRegen  0.11/turn              (no ring)

@: rotting
A: rotting body, claws 1, carnivore, cold resistance 1, negative energy
resistance 3, inhibited regeneration, torment resistance, unbreathing
a: no special abilities


You were on level 3 of the Dungeon.
You were hungry.

You visited 1 branch of the dungeon, and saw 3 of its levels.

You collected 158 gold pieces.

Inventory:

Missiles
 d - 5 tomahawks of dispersal {!f}
 j - 16 tomahawks (quivered)
Armour
 a - a +1 leather armour (worn)
Jewellery
 l - a ring of protection from magic (left claw)
   (You found it on level 2 of the Dungeon)
Scrolls
 c - 2 scrolls of blinking
 f - a scroll of identify {@r1}
 g - 4 scrolls of remove curse {@r2}
 h - 3 scrolls of teleportation {@r4}
 n - 3 scrolls of enchant weapon
 o - a scroll of fog
 q - a scroll of magic mapping {unknown}
Potions
 b - a potion of might {unknown}
 i - 2 potions of ambrosia {unknown}
 m - 2 potions of heal wounds {unknown}
 p - 2 potions of resistance {unknown}
 r - a potion of magic {unknown}
 s - a potion of haste {unknown}
Comestibles
 e - 5 rations {!d}


   Skills:
 + Level 3.4 Fighting
 - Level 0.8 Throwing
 - Level 0.8 Armour
 - Level 1.7 Dodging
 * Level 4.5 Unarmed Combat
 + Level 2.7 Spellcasting
 - Level 2.6 Translocations


You had 4 spell levels left.
You knew the following spells:

 Your Spells              Type           Power        Failure   Level  Hunger
a - Gell's Gravitas       Tloc           #.........   36%         3    ####...
b - Blink                 Tloc           N/A          19%         2    ###....

Your spell library contained the following spells:

 Spells                   Type           Power        Failure   Level  Hunger
 Shroud of Golubria       Chrm/Tloc      #.........   32%         2    ###....
 Magic Dart               Conj           #...         36%         1    ##.....
 Lesser Beckoning         Tloc           #.........   36%         3    ####...
 Teleport Other           Tloc           #.......     36%         3    ####...
 Call Imp                 Summ           #.......     50%         2    ###....
 Slow                     Hex            #.......     50%         2    ###....
 Conjure Flame            Conj/Fire      #.......     75%         3    ####...
 Mephitic Cloud           Conj/Pois/Air  #.......     75%         3    ####...
 Passage of Golubria      Tloc           N/A          77%         4    #####..


Dungeon Overview and Level Annotations

Branches:
Dungeon (3/15)

Altars:
Okawaru

Annotations:
D:3 3 runed translucent doors, Hycrow's ghost, amateur MiFi; Sveporus's ghost, amateur DDNe; kalagan's ghost, amateur DESu; redwoodhats's ghost, amateur DDSk


Innate Abilities, Weirdness & Mutations

Your body is rotting away.
You thrive on raw meat.
You are immune to poison.
You have sharp fingernails.
You are carnivorous and can eat meat at any time.
Your flesh is cold resistant. (rC+)
You are immune to negative energy. (rN+++)
You do not regenerate when monsters are visible.
You are immune to unholy pain and torment.
You can survive without breathing.


Message History

You kill the gnoll!
No target in view!
No target in view!
Things that are here:
a +0 whip; a gnoll corpse You butcher the gnoll corpse.
k - 2 chunks of flesh
Things that are here:
a +0 whip; a gnoll skeleton You start resting.
Eating one of 2 chunks of flesh.
You eat one of the 2 chunks of flesh.
You feel more resilient.
This raw flesh tastes great!
You are feeling hungry.
Eating a chunk of flesh.
You eat the chunk of flesh.
You feel more resilient.
This raw flesh tastes great!
You start waiting.
Done waiting.
Unknown command.
Things that are here:
a +0 whip; a gnoll skeleton
Found 22 bolts.
Things that are here:
a +0 flail; a cursed -3 war axe The gnoll shouts!
The gnoll is too close now for your liking.
A gnoll is nearby!
No reachable target in view!
No reachable target in view!
You enter the shallow water.
Moving in this stuff is going to be slow.
You are feeling hungry.
The gnoll closely misses you. The gnoll barely misses you.
The gnoll splashes around in the water.
You barely miss the gnoll. The gnoll hits you with a +0 halberd!
You closely miss the gnoll. The gnoll closely misses you.
You scratch the gnoll but do no damage. You closely miss the gnoll.
The gnoll hits you with a +0 halberd!
* * * LOW HITPOINT WARNING * * *
You scratch the gnoll. The gnoll hits you with a +0 halberd.
* * * LOW HITPOINT WARNING * * *
The gnoll barely misses you.
The gnoll hits you from afar with a +0 halberd.
You enter the shallow water.
Moving in this stuff is going to be slow.
The gnoll hits you from afar with a +0 halberd!
* * * LOW HITPOINT WARNING * * *
You are too injured to fight recklessly!
Unknown command.
You claw the gnoll! The gnoll hits you with a +0 halberd!
You die...

###.# #### .##≈≈.≈≈##.###### #
#.... ..# ##.≈≈#≈≈≈≈...##... #
#.#.# #.###≈≈≈≈≈≈≈≈≈≈≈.....# #
#.#.#####..##≈≈≈≈≈≈≈≈≈#≈≈....#
####.#.#.......#≈≈≈≈≈≈≈≈≈≈≈#....#
#......#.###.#≈≈≈≈≈#≈≈≈≈≈≈≈≈≈....
...#.....###.≈≈≈≈≈≈≈≈≈≈≈≈≈≈≈≈≈..#
#..#......##.≈≈≈..≈≈)..≈≈.≈≈≈≈...
#.............≈g@....<.....≈≈....
#.####....###≈≈≈.≈≈≈...≈...#≈≈..#
#)# #)#### #≈≈≈≈.≈≈≈≈≈≈≈≈≈≈#≈...
#.####.# ###≈≈≈≈≈≈≈≈≈≈≈≈#≈###.
#......## ##.≈≈≈≈≈≈≈≈≈≈≈≈≈.###.
#####...## #.#≈#≈#≈≈≈≈≈≈≈≈##.##.
..##.....## #.###≈≈≈≈≈≈≈≈≈###.##.
#.#.......###.....≈≈≈≈≈≈≈.###..#.
#..........####....≈≈.≈≈##.##....


You could see a gnoll.

Vanquished Creatures
  A worker ant (D:2)
  2 gnolls (D:3)
  3 adders
  A worm (D:2)
  9 dart slugs (D:3)
  2 leopard geckos
  An orc (D:3)
  A ball python (D:2)
  4 bats
  6 giant cockroaches
  6 goblins
  9 hobgoblins
  3 jackals (D:1)
  2 quokkas
  3 frilled lizards
  6 kobolds
  10 rats
69 creatures vanquished.

Notes
Turn   | Place    | Note
-------+----------+-------------------------------------------
     0 | D:1      | MalarOregon the Ghoul Warper began the quest for the Orb.
     0 | D:1      | Reached XP level 1. HP: 17/17 MP: 2/2
   141 | D:1      | Reached XP level 2. HP: 22/25 MP: 3/3
   408 | D:1      | Reached skill level 3 in Unarmed Combat
   441 | D:1      | Reached XP level 3. HP: 16/30 MP: 5/5
  1325 | D:2      | Reached XP level 4. HP: 9/38 MP: 6/6
  2034 | D:2      | Found an iron altar of Okawaru.
  2125 | D:2      | Found a faded altar of an unknown god.
  2146 | D:2      | Reached skill level 4 in Unarmed Combat
  2441 | D:3      | Learned a level 2 spell: Blink
  2445 | D:3      | Learned a level 3 spell: Gell's Gravitas
  2656 | D:3      | Reached XP level 5. HP: 33/45 MP: 7/7
  3214 | D:3      | Found a runed translucent gate.
  3214 | D:3      | Found a runed translucent gate.
  3214 | D:3      | Found a runed translucent gate.
  3238 | D:3      | Noticed kalagan's ghost (amateur DESu)
  3238 | D:3      | Noticed Sveporus's ghost (amateur DDNe)
  3239 | D:3      | Noticed Hycrow's ghost (amateur MiFi)
  3239 | D:3      | Noticed redwoodhats's ghost (amateur DDSk)
  4036 | D:3      | Slain by a gnoll

Skill      XL: |  1  2  3  4 |
---------------+-------------+-----
Spellcasting   | 2 |  2.7
Unarmed Combat | 3 4 |  4.5
Fighting       | 3 |  3.4
Throwing       | |  0.8
Armour         | |  0.8
Dodging        | |  1.7
Translocations | |  2.6

Action                   |  1- 3 |  4- 6 || total
-------------------------+-------+-------++-------
Melee: Unarmed           |   117 |   141 ||   258
       Punch             |       |     2 ||     2
 Cast: Gell's Gravitas   |       |     4 ||     4
  Use: Scroll            |       |     9 ||     9
  Eat: Chunk             |     7 |     5 ||    12
Armor: Leather armour    |    31 |    29 ||    60
Dodge: Dodged            |    50 |    95 ||   145
